 Dungeon Crawl Stone Soup version 0.21-a0-364-gbd1fde4 (webtiles) character file.

49 Leas the Vexing (level 3, -1/16 HPs)
             Began as a Spriggan Enchanter on Oct 14, 2017.
             Was an Initiate of Dithmenos.
             Slain by a jackal (3 damage)
             ... on level 1 of the Dungeon.
             The game lasted 00:03:49 (2089 turns).

Leas the Vexing (Spriggan Enchanter)                Turns: 2089, Time: 00:03:50

Health: -1/16      AC:  2    Str:  4    XL:     3   Next: 51%
Magic:  0/9        EV: 18    Int: 17    God:    Dithmenos [......]
Gold:   93         SH:  0    Dex: 16    Spells: 1/10 levels left

rFire    . . .     SeeInvis +   a - +1 dagger
rCold    . . .     Gourm    .   (shield restricted)
rNeg     . . .     Faith    .   b - +0 robe
rPois    .         Spirit   .   (helmet restricted)
rElec    .         Reflect  .   (no cloak)
rCorr    .         Harm     .   (gloves unavailable)
MR       .....                  (boots unavailable)
Stlth    +++.......             (no amulet)
HPRegen  0.05/turn              (no ring)
MPRegen  0.11/turn              (no ring)

@: very slightly contaminated, very quick
A: unfitting armour, see invisible, herbivore 3, speed 3, slow metabolism 2
a: Renounce Religion


You were on level 1 of the Dungeon.
You worshipped Dithmenos.
Dithmenos was noncommittal.
You were not hungry.

You visited 1 branch of the dungeon, and saw 3 of its levels.

You collected 93 gold pieces.

Inventory:

Hand Weapons
 a - a +1 dagger (weapon)
Armour
 b - a +0 robe (worn)
Scrolls
 f - a scroll of teleportation
Potions
 e - a potion of brilliance {unknown}
 g - a potion of heal wounds {unknown}
Books
 c - a book of Maledictions

   Spells                             Type                      Level
   a - Corona                         Hexes                        1
   b - Ensorcelled Hibernation        Hexes/Ice                    2
   c - Confuse                        Hexes                        3
   d - Tukima's Dance                 Hexes                        3
   e - Dazzling Spray                 Conjuration/Hexes            3
Comestibles
 d - 2 bread rations


   Skills:
 - Level 1.1 Short Blades
 - Level 3.0 Dodging
 - Level 4.4 Stealth
 + Level 4.0 Spellcasting
 + Level 4.7 Hexes


You had one spell level left.
You knew the following spells:

 Your Spells              Type           Power        Failure   Level  Hunger
a - Ensorcelled Hibernat  Hex/Ice        ##....       9%          2    ##.....
b - Corona                Hex            ###....      2%          1    None
c - Confuse               Hex            ###.....     7%          3    ###....
d - Tukima's Dance        Hex            ###.....     7%          3    ###....


Dungeon Overview and Level Annotations

Branches:
Dungeon (3/15)

Altars:
Ashenzari
Dithmenos
Hepliaklqana
Trog


Innate Abilities, Weirdness & Mutations

You are very small and have problems with some larger weapons.
You are too small for most types of armour.
You have supernaturally acute eyesight. (SInv)
You are a herbivore.
You cover ground extremely quickly.
You need consume almost no food.


Message History

You are too injured to fight recklessly!
You are too injured to fight recklessly!
You are too injured to fight recklessly!
You are too injured to fight recklessly!
You hit the jackal.
The jackal is heavily wounded.
The jackal closely misses you.
You completely miss the jackal.
The jackal is heavily wounded.
The jackal bites you.
* * * LOW HITPOINT WARNING * * *
The jackal bites you but does no damage.
You hit the jackal.
The jackal is severely wounded.
The jackal bites you.
* * * LOW HITPOINT WARNING * * *
You hit the jackal.
The jackal is almost dead.
The jackal bites you.
You die...

.......
#.............#.....
###....
#.............###.. ##
#....
#.................. ..
#####
#..........######.#...
#...............#.#.##
#........>....#.#.....
#####h#.#'#..........#
#h#.#.........#...
#@#.###.###.#.# ..
#.#.........#.# .
#.#########.#.# #..
..#.# #### ####.# #..
##


You could see 2 jackals.

Vanquished Creatures
  A howler monkey skeleton (D:3)
  2 adders (D:2)
  A worm (D:3)
  2 bats
  2 giant cockroaches
  A goblin (D:2)
  A hobgoblin (D:2)
  2 jackals (D:1)
  A kobold (D:1)
  A quokka (D:2)
  A ball python (D:2)
  A frilled lizard (D:2)
  2 rats (D:2)
18 creatures vanquished.

Notes
Turn   | Place    | Note
-------+----------+-------------------------------------------
     0 | D:1      | Leas the Spriggan Enchanter began the quest for the Orb.
     0 | D:1      | Reached XP level 1. HP: 9/9 MP: 5/5
   732 | D:3      | Reached XP level 2. HP: 13/13 MP: 5/7
   736 | D:3      | Learned a level 2 spell: Ensorcelled Hibernation
   974 | D:3      | Found a shattered altar of Ashenzari.
  1093 | D:2      | Reached XP level 3. HP: 13/16 MP: 6/9
  1098 | D:2      | Learned a level 3 spell: Confuse
  1102 | D:2      | Learned a level 3 spell: Tukima's Dance
  1316 | D:2      | Found a shadowy altar of Dithmenos.
  1329 | D:2      | Became a worshipper of Dithmenos the Shadowed
  1766 | D:2      | Found a bloodstained altar of Trog.
  1961 | D:2      | Found a hazy altar of Hepliaklqana.
  2089 | D:1      | Slain by a jackal

Vault maps used:
D:1:      dpeg_arrival_circle_labyrinth_a
D:2:      lemuel_doored_altar, lemuel_coloured_pillars_altar,
          serial_bayou_pond_b, nicolae_dithmenos_through_a_glass_darkly
D:3:      kennysheep_goblin_castle, gammafunk_temple_overflow_arena,
          lemuel_crystal_altar, uniq_robin

Skill      XL: |  1  2  3 |
---------------+----------+-----
Spellcasting   | 3 4 |  4.0
Hexes          | 4 |  4.7
Short Blades   | |  1.1
Dodging        | |  3.0
Stealth        | |  4.4

Action                   || total
-------------------------++-------
Melee: Dagger            ||    84
 Cast: Corona            ||     8
       Ensorcelled Hiber ||     5
  Use: Scroll            ||     4
 Stab: Sleeping          ||     8
Armor: Robe              ||    14
Dodge: Dodged            ||    74

Table legend:
 A = Spawn XP
 B = Non-spawn XP
 C = Spawn XP percentage of total XP
 D = Spawn monster count
 E = Non-spawn monster count
 F = Spawn count percentage of total count
 G = Total turns spent on level
                    A         B        C        D         E        F      G
               +---------+---------+-------+---------+---------+-------+---------
         Total |       0 |      70 |   0.0 |       0 |      18 |   0.0 |  2089
               +---------+---------+-------+---------+---------+-------+---------
           D:1 |       0 |       8 |   0.0 |       0 |       4 |   0.0 |   441
           D:2 |       0 |      41 |   0.0 |       0 |      11 |   0.0 |  1307
           D:3 |       0 |      21 |   0.0 |       0 |       3 |   0.0 |   341
               +---------+---------+-------+---------+---------+-------+---------
